 Dungeon Crawl Stone Soup version 0.31.0-9-g3a7656b989 (webtiles) character file.

Game seed: 12573125712803150320

41 qw the Shooter (level 3, -2/20 HPs)
             Began as a Deep Elf Hunter on Feb 2, 2024.
             Slain by a gnoll
             ... wielding a +0 spear
              (9 damage)
             ... on level 2 of the Dungeon.
             The game lasted 00:00:04 (1169 turns).

qw the Shooter (Deep Elf Hunter)                    Turns: 1169, Time: 00:00:05

Health: -2/20      AC:  3    Str: 10    XL:     3   Next: 32%
Magic:  5/5        EV: 12    Int: 13    God:
Gold:   60         SH:  0    Dex: 18    Spells: 2/2 levels left

rFire   . . .        a - +0 shortbow
rCold   . . .        (shield currently unavailable)
rNeg    . . .        c - +0 leather armour
rPois   .            (no helmet)
rElec   .            (no cloak)
rCorr   .            (no gloves)
SInv    .            (no boots)
Will    .....        (no amulet)
Stlth   ++           (no ring)
HPRegen 0.23/turn    (no ring)
MPRegen 0.09/turn

%: no passive effects
@: no status effects
A: no striking features
a: no special abilities


You were on level 2 of the Dungeon.
You visited 1 branch of the dungeon, and saw 2 of its levels.

You collected 60 gold pieces.


   Skills:
 - Level 1.5 Fighting
 + Level 6.9 Ranged Weapons
 - Level 2.4 Dodging
 - Level 1.2 Stealth


You had 2 spell levels left.
You didn't know any spells.
Your spell library was empty.

Inventory:

Hand Weapons
 a - a +0 shortbow (weapon)
Armour
 c - a +0 leather armour (worn)
Potions
 d - a potion of might {unknown}

Dungeon Overview and Level Annotations

Branches:
Dungeon (2/15)

Altars:

Shops:
D:1 *


Message History

You see here a flux talisman.
A gnoll, a hobgoblin and a giant cockroach come into view.
Enter note:
Enter note: You shoot an arrow.
The arrow hits the gnoll.
The gnoll shouts!
The gnoll is moderately wounded.
A gnoll comes into view. It is wielding a +0 whip.
You shoot an arrow. The gnoll shouts!
The arrow hits the giant cockroach.
The giant cockroach is almost dead.
You hear a shout!
A gnoll comes into view. It is wielding a +0 spear.
You shoot an arrow.
The arrow barely misses the giant cockroach.
The giant cockroach bites you.
You shoot an arrow. The arrow hits the giant cockroach!
You kill the giant cockroach!
Enter note:
Enter note:
1164 ||| RETREEEEATING.
You shoot an arrow. The arrow barely misses the gnoll. x2
The gnoll hits you with a +0 club.
You shoot an arrow. The arrow hits the gnoll.
The gnoll is moderately wounded.
The gnoll hits you from afar with a +0 spear.
The gnoll misses you.
You shoot an arrow. The arrow closely misses the gnoll.
The arrow hits the gnoll.
The gnoll is moderately wounded.
The gnoll completely misses you. The gnoll misses you.
You shoot an arrow. The arrow hits the gnoll!
The gnoll is severely wounded.
The gnoll hits you from afar with a +0 spear.
The gnoll hits you but does no damage.
You shoot an arrow. The arrow hits the gnoll.
You kill the gnoll!
The gnoll hits you from afar with a +0 spear!
You die...

#+#.g...# # .
#.......# ..
#.......# # ..
........# +
##.###.......# #
##..8.#........ .
......gg....... .
#)# # #@# #.# #.#
#.# # #.### .
#...# #
###.##############
#...............
################


You could see 2 gnolls.

Vanquished Creatures
  A gnoll (D:2)
  2 dart slugs (D:1)
  A ribbon worm (D:2)
  3 endoplasms (D:1)
  A giant cockroach (D:2)
  3 goblins (D:1)
  6 hobgoblins
  3 quokkas (D:1)
  2 ball pythons (D:1)
  2 bats
  2 frilled lizards
  3 kobolds (D:1)
  4 rats
33 creatures vanquished.

Notes
Turn   | Place    | Note
-------+----------+-------------------------------------------
     0 | D:1      | qw the Deep Elf Hunter began the quest for the Orb.
     0 | D:1      | Reached XP level 1. HP: 12/12 MP: 3/3
     0 | D:1      | 0 ||| qw: Version: 0.3-a-155-g5e7d8dd
     0 | D:1      | 0 ||| qw: Game counter: 2271
     0 | D:1      | 0 ||| qw: Melee chars always use a shield: true
     0 | D:1      | 0 ||| qw: God list: Okawaru
     0 | D:1      | 0 ||| qw: Allow faded altars: false
     0 | D:1      | 0 ||| qw: Do Orc after clearing Dungeon:15 true
     0 | D:1      | 0 ||| qw: Do second Lair branch before Depths: true
     0 | D:1      | 0 ||| qw: Lair rune preference: random
     0 | D:1      | 0 ||| qw: Goals: Normal
     0 | D:1      | 0 ||| PLANNING D:1-11
   273 | D:1      | Reached XP level 2. HP: 16/16 MP: 4/4
   363 | D:1      | Reached skill level 6 in Ranged Weapons
   373 | D:1      | Found Mecvusko's General Store.
   381 | D:1      | 381 ||| SHOPLISTING potion of haste (110 gold, have 11).
   381 | D:1      | 381 ||| SHOPLISTING scroll of identify (22 gold, have 11).
   746 | D:1      | Reached XP level 3. HP: 20/20 MP: 5/5
   954 | D:1      | 954 ||| READING scroll labelled GUHYUC MOSSE.
   957 | D:1      | 957 ||| DROPPING scroll of butterflies.
   992 | D:2      | 992 ||| STAIRDANCE
  1164 | D:2      | 1164 ||| RETREEEEATING.
  1169 | D:2      | Slain by a gnoll

Levels and vault maps discovered:
D:1:      minmay_arrival_up_and_down, layout_basic, serial_shops, shop,
          chequers_serial_rivers_small_a, chequers_serial_rivers_marsh
D:2:      layout_basic, basic_altar, serial_undead, serial_undead_a,
          serial_undead_c, serial_undead_f, serial_undead_b, serial_undead_e,
          serial_undead_b, grunt_ministairs_7, minivault_27

Skill      XL: |  1  2 |
---------------+-------+-----
Ranged Weapons | 6 |  6.9
Fighting       | |  1.5
Dodging        | |  2.4
Stealth        | |  1.2

Action                     || total
---------------------------++-------
   Fire: Shortbow          ||    94
    Use: Scroll            ||     1
 Armour: Leather armour    ||    18
  Dodge: Dodged            ||    20

Table legend:
 A = Non-vault XP
 B = Vault XP
 C = Vault XP percentage of total XP
 D = Non-vault monster count
 E = Vault monster count
 F = Vault count percentage of total count
                 A         B        C        D         E       F
            +---------+---------+-------+---------+---------+-------
      Total |      72 |       2 |   2.7 |      31 |       2 |   6.1
            +---------+---------+-------+---------+---------+-------
        D:1 |      46 |       1 |   2.1 |      25 |       1 |   3.8
        D:2 |      26 |       1 |   3.7 |       6 |       1 |  14.3
            +---------+---------+-------+---------+---------+-------
